 Dungeon Crawl Stone Soup version 0.31.0-32-g396128a36d (webtiles) character file.

Game seed: 10292108008600017964

25 H0rd4k the Charlatan (level 3, -1/23 HPs)
             Began as an Octopode Artificer on Mar 27, 2024.
             Slain by a jackal (3 damage)
             ... on level 1 of the Dungeon.
             The game lasted 00:01:09 (550 turns).

H0rd4k the Charlatan (Octopode Artificer)            Turns: 550, Time: 00:01:10

Health: -1/23      AC:  1    Str: 11    XL:     3   Next: 6%
Magic:  3/3        EV: 13    Int: 15    God:
Gold:   18         SH:  0    Dex: 12    Spells: 2/2 levels left

rFire   . .          .
                       - Unarmed
rCold   . . .        (no shield)
rNeg    . . .        (helmet restricted)
rPois   .            (no amulet)
rElec   .            (no ring)
rCorr   .            (no ring)
SInv    .            (no ring)
Will    .....        (no ring)
Stlth   +++          (no ring)
HPRegen 0.23/turn    (no ring)
MPRegen 0.08/turn    (no ring)
                     (no ring)

%: no passive effects
@: no status effects
A: almost no armour, amphibious, 8 rings, camouflage 1, gelatinous body 1,
(nimble swimmer 1), tentacles
a: no special abilities


You were on level 1 of the Dungeon.
You visited 1 branch of the dungeon, and saw 1 of its levels.

You collected 18 gold pieces.

Inventory:

Wands
 b - a wand of flame (15) (quivered)
 c - a wand of charming (15)
 d - a wand of iceblast (5)
Scrolls
 e - a scroll of enchant weapon {unknown}
 f - a scroll of identify {unknown}
Potions
 a - 3 potions of brilliance {unknown}
 g - 2 potions of degeneration {unknown}


   Skills:
 + Level 1.6 Fighting
 - Level 2.3 Dodging
 - Level 1.3 Stealth
 + Level 2.1 Unarmed Combat
 - Level 3.2 Evocations


You had 2 spell levels left.
You didn't know any spells.
Your spell library contained the following spells:

 Spells                   Type           Power      Damage    Failure   Level
 Scorch                   Fire           0%         2d5       38%         2
 Flame Wave               Conj/Fire      0%         2d4       95%         4
 Summon Cactus Giant      Summ           0%         N/A       100%        6


Dungeon Overview and Level Annotations

Branches:
Dungeon (1/15)

Altars:


Innate Abilities, Weirdness & Mutations

You cannot wear most types of armour.
You are amphibious.
You can wear up to eight rings at the same time.
Your skin changes colour to match your surroundings (Stealth+).
Your rubbery body absorbs attacks. (AC +1, EV +1)
((You are camouflaged when in or above water. (Stealth+)))
You have tentacles for arms and can constrict up to eight enemies at once.


Message History

The jackal is almost dead.
The kobold completely misses you.
You closely miss the jackal. Your grab misses the jackal.
The jackal is almost dead.
The jackal misses you. The jackal bites you.
The kobold hits you with a +0 club. The jackal barely misses you.
You are too injured to fight recklessly!
There are monsters nearby!
There are monsters nearby!
You tentacle-slap the jackal.
You kill the jackal!
The jackal bites you. The kobold misses you.
You have reached level 3!
Your experience leads to an increase in your attributes!
Increase (S)trength, (I)ntelligence, or (D)exterity?
You feel clever. x2
You closely miss the kobold. Your grab misses the kobold.
The jackal closely misses you. The kobold closely misses you.
The jackal bites you.
You barely miss the kobold. You grab the kobold.
Your squeeze misses the kobold. You constrict the kobold.
The jackal misses you.
The jackal bites you but does no damage.
The kobold barely misses you.
You tentacle-slap the kobold.
The kobold is heavily wounded.
You constrict the kobold. The jackal misses you. The jackal bites you.
The kobold hits you with a +0 club.
* * * LOW HITPOINT WARNING * * *
The jackal barely misses you.
You tentacle-slap the kobold.
You kill the kobold!
The jackal closely misses you. The jackal bites you.
* * * LOW HITPOINT WARNING * * *
The jackal barely misses you.
You tentacle-slap the jackal but do no damage.
You grab the jackal. You squeeze the jackal.
The jackal is severely wounded.
You constrict the jackal. The jackal bites you.
You die...

#........[......#
...).)..........#
##..............#
##.....#........#
##.....#........#
#......#........#
>.########....###
###
#...########### #
#......@h...... #
#......h).?.... #
#.............. #
#.............. #
#...########### #
#...# #...# ####


You could see 2 jackals.

Vanquished Creatures
  3 ball pythons (D:1)
  2 bats (D:1)
  A giant cockroach (D:1)
  A goblin (D:1)
  2 hobgoblins (D:1)
  5 jackals (D:1)
  A quokka (D:1)
  3 frilled lizards (D:1)
  2 kobolds (D:1)
  3 rats (D:1)
23 creatures vanquished.

Notes
Turn   | Place    | Note
-------+----------+-------------------------------------------
     0 | D:1      | H0rd4k the Octopode Artificer began the quest for the Orb.
     0 | D:1      | Reached XP level 1. HP: 13/13 MP: 1/1
    86 | D:1      | Reached skill level 1 in Unarmed Combat
   100 | D:1      | Reached XP level 2. HP: 9/18 MP: 2/2
   546 | D:1      | Reached XP level 3. HP: 10/23 MP: 3/3
   549 | D:1      | HP: 1/23 [jackal (2)]
   550 | D:1      | Slain by a jackal

Illustrated notes

Levels and vault maps discovered:
D:1:      dpeg_arrival_round_c, layout_basic

Skill      XL: |  1  2 |
---------------+-------+-----
Unarmed Combat | 1 2 |  2.1
Fighting       | |  1.6
Dodging        | |  2.3
Stealth        | |  1.3
Evocations     | |  3.2

Action                     || total
---------------------------++-------
  Melee: Unarmed           ||    59
         Constrict         ||    22
         Tentacles         ||    11
         Punch             ||     3
   Stab: Sleeping          ||     2
 Armour: Skin              ||    37
  Dodge: Dodged            ||    43
